Map: Newkirk Precinct TE (Void)

Players

BuRny - Winner!

  • Race: Terran Terran
  • League: Master
  • Spawn Location: 5:00

A.I. 1 (Very Easy)

  • Race: Zerg Zerg
  • Spawn Location: 7:00

VOD

Have the link to the VOD?

Description

Delay your starport and 2nd gas to get more hellions / marines / scvs and fast stim and +1 attack instead, add starport "late"

Time

  • Played on: April 4, 2017, 8:50 a.m.
  • Length: 9:47
Show
View Real Time Build Order
Export as new Build Order

BuRny Terran - Winner!

Build Orders: Reaper Expand, MMM Bio 

Get SALT Encoding   

  12  0:00  SCV  
  13  0:12  SCV  
  14  0:18  Supply Depot  
  14  0:24  SCV  
  15  0:29  Refinery  
  15  0:39  SCV  
  16  0:46  Barracks  
  16  0:51  SCV  
  17  1:03  SCV  
  18  1:15  SCV  
  19  1:34  Reaper, Orbital Command  
  20  1:47  Command Center  
  20  2:00  SCV, Barracks  
  21  2:06  Barracks Reactor  
  21  2:14  SCV, Supply Depot  
  22  2:23  Factory  
  22  2:26  SCV  
  23  2:41  SCV  
  23  2:42  Marine x2  
  26  2:46  Barracks Tech Lab  
  26  2:53  SCV  
  27  2:58  Orbital Command  
  27  3:05  SCV  
  28  3:09  Factory Reactor  
  28  3:10  Marine x2  
  28  3:11  Marine  
  28  3:12  Stimpack  
  31  3:17  SCV  
  32  3:22  Supply Depot  
  32  3:25  SCV  
  33  3:29  SCV, Marine x2  
  36  3:37  SCV  
  37  3:41  SCV  
  37  3:42  Engineering Bay  
  37  3:43  Refinery  
  37  3:48  Marine x2, Hellion  
  41  3:49  SCV  
  41  3:50  Hellion  
  41  3:53  SCV  
  46  4:00  Supply Depot  
  46  4:01  SCV  
  47  4:04  Marine  
  47  4:05  SCV  
  47  4:09  Terran Infantry Weapons Level 1  
  49  4:12  Marine x2  
  49  4:13  SCV  
  49  4:16  Hellion  
  54  4:22  SCV, Hellion  
  57  4:24  Supply Depot  
  57  4:27  Supply Depot  
  57  4:28  Refinery  
  57  4:30  SCV  
  58  4:34  SCV  
  58  4:36  Starport  
  59  4:42  SCV  
  59  4:43  Supply Depot  
  60  4:46  SCV  
  60  4:47  Hellion  
  60  4:49  Hellion  
  65  4:54  SCV  
  65  4:57  Marine x2  
  65  4:58  SCV, Marine  
  70  5:06  SCV  
  71  5:09  Supply Depot, Hellion  
  71  5:10  SCV, Hellion  
  71  5:13  Starport Reactor  
  76  5:15  Combat Shields  
  76  5:18  SCV  
  77  5:21  Supply Depot  
  77  5:22  SCV  
  77  5:24  Marine x3  
  81  5:30  Supply Depot  
  81  5:31  Hellion  
  81  5:33  Hellion  
  81  5:35  SCV  
  86  5:37  SCV  
  86  5:40  Armory  
  87  5:42  Marine  
  87  5:43  Marine  
  87  5:44  Marine  
  87  5:49  Medivac x2  
  94  5:55  Supply Depot  
  94  5:57  Supply Depot  
  94  5:58  Supply Depot  
  94  6:06  Terran Infantry Armor Level 1  
  94  6:08  Marine x2  
  94  6:09  Marine, Engineering Bay  
  94  6:10  Hellion  
  99  6:14  Hellion  
  101  6:19  Medivac x2  
  101  6:20  SCV  
  101  6:21  SCV  
  107  6:27  Marauder, Marine x2  
  107  6:32  Hellion  
  113  6:35  Hellion  
  115  6:40  Supply Depot  
  115  6:45  Marine  
  116  6:48  Marauder, Marine  
  116  6:53  Hellion, Terran Infantry Weapons Level 2  
  121  6:56  Hellion  
  121  6:58  Hellion x2  
  123  7:07  Command Center  
  123  7:08  SCV  
  123  7:09  SCV  
  123  7:11  Marine  
  123  7:14  Marauder  
  128  7:15  Marine  
  133  7:22  Hellion  
  133  7:23  Hellion  
  133  7:24  Medivac  
  133  7:26  Medivac  
  133  7:29  SCV  
  138  7:30  SCV  
  138  7:35  Supply Depot  
  139  7:41  Supply Depot  
  139  7:42  SCV x2  
  139  7:43  Supply Depot  
  141  7:48  Marine  
  142  7:53  Supply Depot  
  142  7:54  Supply Depot  
  142  7:56  SCV, Widow Mine x2, Marine  
  142  7:57  Marauder  
  150  8:03  Medivac x2, SCV  
  155  8:08  Marine  
  155  8:09  Concussive Shells  
  156  8:14  Marine  
  156  8:18  Marauder  
  159  8:22  Orbital Command  
  159  8:24  Widow Mine x2  
  159  8:25  Supply Depot  
  159  8:26  SCV, Marine  
  165  8:32  Marine  
  166  8:35  Medivac  
  166  8:37  Medivac  
  166  8:39  Marauder  
  172  8:44  Marine  
  173  8:49  Marine  
  173  8:54  Hellion x2  
  178  9:01  Marauder, Marine  
  181  9:05  Medivac  
  181  9:07  Marine  
  184  9:14  Widow Mine x2  
  188  9:19  Marine  
  188  9:22  Marauder  
  193  9:25  Marine  
  193  9:27  Barracks x2  
  193  9:28  Barracks  
  193  9:29  Barracks x2  
  193  9:30  Barracks  
Show
View Real Time Build Order
Export as new Build Order

A.I. 1 (Very Easy) Zerg 

Build Orders: Pool First 

Get SALT Encoding   

  12  0:01  Drone  
  13  0:13  Overlord  
  13  0:18  Drone  
  14  0:36  Spawning Pool  
  14  0:38  Drone  
  14  0:41  Extractor  
  13  0:46  Drone  
  14  0:53  Overlord  
  14  1:23  Queen  
  14  1:24  Zergling x2  
  17  1:31  Roach Warren  
  16  1:34  Drone  
  16  1:37  Extractor  
  16  1:42  Drone  
  17  1:49  Zergling x2  
  18  2:00  Drone  
  19  2:07  Drone  
  20  2:15  Zergling x2  
  21  2:17  Drone  
  22  2:28  Overlord  
  22  2:32  Drone  
  23  2:39  Drone  
  23  2:41  Roach  
  26  2:46  Drone  
  27  6:44  Zergling x2  
  27  7:07  Drone  
  28  7:14  Drone  
  24  7:17  Hatchery  
  24  7:22  Drone  
  24  7:27  Zergling x2  
  24  7:29  Drone  
  25  7:33  Overlord  
  25  7:36  Drone  
  23  7:43  Drone  
  19  7:51  Drone  
  11  7:52  Overlord  
  11  7:58  Drone  
  8  8:06  Drone  
  8  8:08  Hatchery  
  8  8:10  Overlord  
  8  8:11  Extractor  
  6  8:14  Drone  
  6  8:21  Drone  
  6  8:28  Drone  
  4  9:20  Drone  
  5  9:30  Drone  
  4  9:40  Spawning Pool  
Tags
 
Add a new tag
Caveats
  • Supply blocks, unpowered buildings, or Contaminate may cause inaccurate times.
  • Supply counts are checked every 10 seconds.